Map: King Sejong Station LE

Players

ZakaruM - Winner!

  • Race: Protoss Protoss
  • League: Platinum

Nickos

  • Race: Terran Terran
  • League: Gold

VOD

Have the link to the VOD?

Description

Time

  • Played on: Sept. 30, 2016, 7:20 p.m.
  • Length: 14:30
Show
View Real Time Build Order
Export as new Build Order

ZakaruM Protoss - Winner!

Build Orders:  

Get SALT Encoding   

  12  0:01  Probe (Chrono Boost)  
  13  0:11  Probe (Chrono Boost)  
  14  0:18  Pylon  
  14  0:22  Probe (Chrono Boost)  
  15  0:36  Gateway  
  15  0:43  Assimilator  
  15  0:44  Probe (Chrono Boost)  
  16  0:54  Probe (Chrono Boost)  
  17  1:13  Probe (Chrono Boost)  
  18  1:21  Gateway  
  18  1:26  Probe (Chrono Boost)  
  18  1:27  Cybernetics Core  
  18  1:31  Pylon  
  19  1:36  Probe (Chrono Boost)  
  21  1:47  Probe (Chrono Boost)  
  21  1:57  Probe (Chrono Boost)  
  22  2:06  Warp Gate  
  22  2:08  Probe (Chrono Boost), Adept x2  
  26  2:18  Assimilator  
  26  2:33  Probe (Chrono Boost)  
  27  2:40  Adept x2  
  31  3:20  Nexus  
  31  3:23  Pylon  
  31  3:29  Probe (Chrono Boost)  
  31  3:41  Probe (Chrono Boost), Adept x2  
  36  3:51  Probe (Chrono Boost)  
  37  4:02  Probe (Chrono Boost)  
  38  4:09  Gateway  
  38  4:10  Gateway  
  38  4:12  Twilight Council, Robotics Facility  
  38  4:14  Pylon  
  38  4:20  Probe (Chrono Boost)  
  39  4:32  Probe (Chrono Boost)  
  38  4:53  Probe (Chrono Boost)  
  38  4:59  Probe (Chrono Boost)  
  32  5:03  Probe (Chrono Boost)  
  31  5:10  Mothership Core (Chrono Boost)  
  31  5:13  Observer  
  34  5:20  Assimilator  
  34  5:25  Stalker x2  
  34  5:26  Assimilator  
  34  5:28  Stalker  
  40  5:31  Nexus  
  40  5:33  Pylon  
  40  5:34  Stalker  
  43  5:36  Probe (Chrono Boost)  
  43  5:38  Probe (Chrono Boost)  
  44  5:46  Probe (Chrono Boost)  
  44  5:48  Probe (Chrono Boost)  
  46  6:00  Stalker x3  
  52  6:04  Probe (Chrono Boost)  
  52  6:06  Probe (Chrono Boost)  
  54  6:11  Pylon  
  54  6:15  Probe (Chrono Boost)  
  53  6:37  Blink  
  52  6:41  Probe x2 (Chrono Boost)  
  54  7:03  Probe x2 (Chrono Boost)  
  54  7:07  Stalker x4  
  64  7:13  Probe x2 (Chrono Boost)  
  64  7:15  Observer  
  67  7:24  Probe x2 (Chrono Boost)  
  69  7:31  Templar Archives  
  69  7:34  Probe x2 (Chrono Boost)  
  71  7:42  Stalker x2  
  71  7:43  Stalker x2  
  79  7:45  Probe (Chrono Boost)  
  79  7:47  Probe (Chrono Boost)  
  81  7:55  Probe (Chrono Boost)  
  81  7:56  Probe (Chrono Boost)  
  81  7:57  Immortal  
  87  8:16  Probe (Chrono Boost)  
  87  8:17  Zealot x2  
  92  8:21  Pylon  
  92  8:26  Pylon  
  82  8:50  Zealot x3  
  82  8:51  Zealot  
  82  8:52  Probe x2 (Chrono Boost)  
  82  8:53  Probe (Chrono Boost)  
  82  8:54  Assimilator  
  93  8:59  Psionic Storm, Assimilator  
  93  9:02  Probe (Chrono Boost)  
  94  9:04  Immortal  
  94  9:08  Robotics Bay  
  98  9:11  Probe (Chrono Boost)  
  98  9:12  Probe (Chrono Boost), Pylon  
  98  9:13  Probe (Chrono Boost)  
  102  9:24  Probe (Chrono Boost)  
  102  9:38  Forge  
  102  9:39  Forge  
  102  9:42  High Templar x4  
  110  10:03  Probe (Chrono Boost), Extended Thermal Lance  
  110  10:04  Probe (Chrono Boost)  
  112  10:18  Pylon  
  112  10:22  Charge  
  112  10:25  Gateway x2  
  112  10:26  Protoss Ground Weapons Level 1, Protoss Ground Armor Level 1  
  112  10:27  Pylon  
  112  10:28  Pylon  
  112  10:31  Gateway, Zealot x2  
  112  10:35  Colossus  
  116  10:41  Gateway  
  122  10:48  Pylon  
  122  10:51  Gateway  
  122  10:52  Gateway  
  122  10:54  Gateway  
  122  10:56  Gateway  
  122  10:57  Gateway  
  120  11:00  Robotics Facility  
  120  11:04  Adept x4  
  120  11:09  Probe (Chrono Boost)  
  129  11:14  Probe (Chrono Boost)  
  130  11:29  Nexus  
  130  11:31  High Templar x4, Pylon  
  138  11:35  High Templar x2  
  138  11:37  Archon  
  138  11:39  Archon x2  
  142  11:41  Probe x2 (Chrono Boost)  
  142  11:42  Probe (Chrono Boost)  
  145  11:49  Resonating Glaives  
  146  11:54  Probe (Chrono Boost)  
  146  11:55  Colossus  
  152  12:04  Pylon  
  152  12:05  Colossus  
  152  12:06  Pylon  
  135  12:49  Stalker x5  
  135  12:50  Stalker x4  
  147  12:51  Stalker x2  
  147  12:52  Stalker x2  
  147  12:55  Probe (Chrono Boost)  
  147  12:56  Probe (Chrono Boost)  
  158  13:27  Probe x2 (Chrono Boost)  
  158  13:28  Probe x2 (Chrono Boost)  
  158  13:31  Assimilator  
  161  13:39  Probe (Chrono Boost)  
  154  13:57  Probe (Chrono Boost)  
  154  13:58  Probe (Chrono Boost)  
  154  13:59  Assimilator  
  154  14:01  Zealot x4  
  154  14:02  Assimilator, Zealot x4  
  172  14:03  Zealot x4  
  172  14:07  Pylon  
  180  14:10  Pylon  
  176  14:26  Nexus  
  176  14:29  Pylon  
Show
View Real Time Build Order
Export as new Build Order

Nickos Terran 

Build Orders: Reaper Expand, MMM Bio 

Get SALT Encoding   

  12  0:00  SCV  
  13  0:13  SCV  
  14  0:17  Supply Depot  
  14  0:25  SCV  
  15  0:39  SCV  
  15  0:40  Barracks  
  16  0:44  Refinery  
  16  0:51  SCV  
  17  1:03  SCV  
  18  1:16  SCV  
  19  1:28  Reaper  
  20  1:34  Command Center  
  20  1:42  Orbital Command  
  20  1:59  Barracks  
  20  2:07  Supply Depot  
  20  2:10  Barracks Reactor  
  20  2:13  SCV  
  21  2:25  SCV  
  21  2:29  Factory  
  22  2:37  SCV  
  23  2:50  SCV  
  24  2:55  Barracks Tech Lab  
  24  2:57  Orbital Command  
  24  3:02  Marine x2  
  25  3:07  Refinery  
  25  3:10  SCV  
  26  3:15  Starport  
  26  3:20  Marine x2  
  26  3:26  SCV x2  
  30  3:27  Marine  
  30  3:33  Factory Reactor  
  30  3:38  Marine  
  30  3:47  Marine x2  
  26  3:55  Marine  
  27  4:04  Marine  
  27  4:05  SCV, Marine  
  27  4:06  SCV  
  31  4:18  Medivac x2  
  31  4:23  Widow Mine  
  36  4:25  SCV x2  
  36  4:27  Marine  
  36  4:28  Marine x2  
  39  4:45  Marine x2  
  37  4:49  SCV  
  37  4:50  SCV  
  41  4:58  Marine  
  38  5:03  Marine x2  
  38  5:06  Medivac x2  
  43  5:10  SCV x2  
  43  5:11  Engineering Bay  
  43  5:12  Engineering Bay  
  45  5:16  Marine  
  46  5:44  Terran Infantry Weapons Level 1  
  46  5:50  Stimpack  
  46  6:13  Supply Depot  
  46  6:14  Supply Depot  
  46  6:18  Terran Infantry Armor Level 1  
  46  6:32  SCV  
  46  6:34  Widow Mine  
  46  6:35  SCV, Marine x3  
  46  6:39  Medivac  
  54  6:45  Liberator  
  52  6:52  Marine x3  
  48  7:03  SCV  
  48  7:04  SCV  
  53  7:10  Marine x3  
  56  7:20  Barracks  
  56  7:21  Supply Depot  
  56  7:22  Barracks  
  56  7:23  Barracks, Supply Depot  
  56  7:24  SCV x2  
  56  7:28  Marine x3  
  56  7:29  Bunker  
  61  7:36  SCV  
  62  7:43  Medivac, Hellion  
  66  7:46  Marine  
  66  7:50  Combat Shields  
  67  7:53  Marine x2  
  69  8:01  Supply Depot  
  69  8:02  Fusion Core, SCV  
  69  8:03  Supply Depot, SCV  
  71  8:09  Barracks Reactor  
  71  8:12  Marine  
  71  8:13  Marine x3  
  71  8:14  SCV  
  76  8:20  SCV  
  76  8:27  SCV  
  77  8:30  Marine  
  66  8:45  Liberator x2, Marine  
  66  8:46  Marine x3  
  69  8:58  Command Center  
  69  9:01  Marine  
  76  9:09  Marine  
  75  9:16  Marine  
  75  9:17  Marine x2  
  77  9:18  Marauder  
  81  9:26  Refinery  
  81  9:33  Barracks Tech Lab  
  81  9:36  Concussive Shells  
  79  9:56  Barracks Tech Lab  
  79  9:59  Liberator  
  79  10:11  Marine  
  79  10:12  Marine x5  
  85  10:14  Orbital Command, Starport  
  88  10:25  Armory  
  88  10:29  Marine  
  88  10:35  Marine x2  
  90  10:36  Marauder x2  
  90  10:37  Marauder  
  96  11:07  Orbital Command  
  96  11:08  Marine  
  96  11:09  Marine x4  
  96  11:10  Medivac x2  
  105  11:16  Marauder x2  
  109  11:53  Marine  
  109  11:56  Refinery  
  109  12:25  SCV  
  109  12:27  SCV  
  109  12:34  Marine x2  
  109  12:35  Marine x2  
  109  12:36  Marine x2  
  109  12:37  Medivac x2, SCV  
  109  12:38  Marauder, SCV  
  109  12:39  SCV  
  77  12:49  SCV  
  77  12:50  SCV  
  73  12:51  Marine  
  73  12:52  Barracks, Marine x2  
  73  12:53  Marine, Marauder  
  73  12:54  Barracks, Marauder  
  73  12:56  Barracks  
  82  12:59  Marauder  
  82  13:02  SCV  
  84  13:07  Medivac  
  84  13:09  Marine  
  84  13:10  Marine x2  
  84  13:11  Starport Tech Lab, Marine  
  90  13:14  Marine  
  90  13:16  Marauder  
  93  13:21  Marauder  
  95  13:29  Marine x3  
  95  13:32  Marauder  
  100  13:37  Marauder  
  100  13:41  Refinery  
  101  13:42  Refinery  
  96  13:50  Marine x2  
Tags
 
Add a new tag
Caveats
  • Supply blocks, unpowered buildings, or Contaminate may cause inaccurate times.
  • Supply counts are checked every 10 seconds.